Map: Mech Depot LE

Players

SamuraiFunn

  • Race: Protoss Protoss
  • Spawn Location: 1:00

A.I. 1 (Very Hard) - Winner!

  • Race: Zerg Zerg
  • Spawn Location: 7:00

VOD

Have the link to the VOD?

Description

Time

  • Played on: Oct. 30, 2017, 11:28 p.m.
  • Length: 23:01
Show
View Real Time Build Order
Export as new Build Order

SamuraiFunn Protoss 

Build Orders:  

Get SALT Encoding   

  12  0:01  Probe (Chrono Boost)  
  13  0:11  Probe (Chrono Boost)  
  14  0:19  Pylon  
  14  0:22  Probe (Chrono Boost)  
  15  0:38  Probe (Chrono Boost)  
  15  0:40  Gateway  
  16  0:48  Probe (Chrono Boost)  
  17  0:59  Probe (Chrono Boost)  
  17  1:03  Assimilator  
  18  1:09  Probe (Chrono Boost)  
  19  1:20  Probe (Chrono Boost)  
  20  1:26  Assimilator  
  20  1:30  Probe (Chrono Boost)  
  21  1:36  Cybernetics Core  
  21  1:41  Probe (Chrono Boost)  
  21  1:46  Pylon  
  22  1:51  Probe (Chrono Boost)  
  23  2:04  Probe (Chrono Boost), Zealot  
  26  2:20  Twilight Council  
  26  2:24  Pylon  
  26  2:28  Probe (Chrono Boost)  
  27  2:37  Nexus  
  27  2:44  Pylon  
  27  2:48  Probe (Chrono Boost)  
  28  3:01  Zealot  
  30  3:06  Templar Archives  
  30  3:12  Probe (Chrono Boost)  
  31  3:19  Assimilator  
  31  3:22  Probe (Chrono Boost)  
  32  3:31  Gateway  
  32  3:33  Probe (Chrono Boost)  
  33  3:43  Probe (Chrono Boost)  
  34  3:50  Probe (Chrono Boost)  
  34  3:54  Probe (Chrono Boost)  
  36  4:04  High Templar  
  38  4:14  Gateway  
  38  4:25  Psionic Storm, Charge  
  38  4:30  High Templar  
  40  4:42  Gateway  
  40  4:43  Zealot  
  42  4:46  Forge  
  42  4:53  Probe (Chrono Boost)  
  42  4:54  Probe (Chrono Boost)  
  44  5:03  Assimilator  
  44  5:06  Probe x2 (Chrono Boost)  
  46  5:11  Zealot x2  
  46  5:12  High Templar  
  52  5:25  Probe x2 (Chrono Boost)  
  54  5:31  High Templar  
  56  5:38  Stalker  
  58  5:45  Nexus  
  58  5:46  Stalker  
  58  5:49  Assimilator  
  60  5:51  Protoss Ground Weapons Level 1  
  60  5:56  Zealot  
  62  6:34  Pylon  
  62  6:36  Pylon  
  62  6:41  Pylon  
  62  6:52  Probe x2 (Chrono Boost), Zealot, Stalker x2  
  70  6:57  Zealot  
  72  7:04  Gateway  
  72  7:10  Gateway  
  72  7:11  Gateway, Probe x2 (Chrono Boost)  
  74  7:22  Zealot  
  76  7:24  Stalker  
  76  7:25  Stalker x2  
  82  7:45  Protoss Shields Level 1  
  82  7:52  Probe x3 (Chrono Boost)  
  82  7:56  High Templar  
  82  7:57  Stalker x5  
  97  8:19  Probe x3 (Chrono Boost)  
  100  8:24  Assimilator  
  100  8:35  Pylon  
  100  8:36  Pylon  
  100  8:38  Pylon  
  100  8:52  Stalker x3  
  100  8:53  Zealot  
  100  8:54  Stalker x3  
  114  9:00  Pylon  
  114  9:07  Pylon  
  114  9:14  Pylon  
  112  9:23  Pylon  
  90  9:39  Protoss Ground Armor Level 1  
  70  9:56  Probe x3 (Chrono Boost)  
  70  9:57  Zealot  
  70  9:58  Stalker x3, Zealot x3  
  87  10:17  Probe (Chrono Boost)  
  87  10:18  Probe x2 (Chrono Boost)  
  90  10:24  Stalker  
  90  10:25  Sentry, Stalker x2  
  89  10:28  Stalker x3  
  90  11:14  High Templar x2, Stalker  
  90  11:15  Stalker x3  
  90  11:16  High Templar  
  104  11:22  Probe x3 (Chrono Boost)  
  108  11:33  Probe (Chrono Boost), Protoss Shields Level 2  
  108  11:45  High Templar, Stalker x3  
  114  11:53  Stalker x2  
  110  11:55  Stalker  
  94  12:14  Stalker  
  96  12:19  Stalker x2  
  100  12:23  High Templar x2  
  104  12:33  High Templar x2  
  108  12:45  Zealot  
  108  12:49  Zealot x2  
  114  13:02  Zealot, Stalker  
  118  13:12  Stalker  
  120  13:13  Nexus  
  120  13:17  Assimilator  
  120  13:18  Assimilator  
  120  13:28  Nexus  
  120  13:33  Zealot x2  
  120  13:34  Pylon, Stalker, Zealot x2  
  132  13:41  Stalker  
  134  13:48  Protoss Ground Weapons Level 2  
  134  13:55  Zealot  
  134  14:00  Stalker x2  
  134  14:01  Stalker x2  
  142  14:03  Assimilator  
  142  14:04  Stalker  
  142  14:08  Assimilator  
  144  14:11  Stalker  
  146  14:22  Stalker  
  148  14:30  Stalker x3  
  148  14:31  Stalker  
  156  14:34  Stalker  
  150  14:41  Stalker  
  130  14:52  Stalker  
  118  15:00  Stalker  
  120  15:22  Stalker  
  76  15:52  Stalker x6  
  76  15:53  Stalker  
  78  16:22  Stalker x6  
  78  16:23  Stalker  
  92  16:44  Stargate, Protoss Air Weapons Level 1  
  92  16:46  Stargate  
  92  16:47  Stargate, Protoss Ground Weapons Level 3  
  92  16:52  Pylon, Stalker x5  
  92  16:53  Zealot x2  
  106  16:56  Pylon  
  106  16:58  Pylon  
  106  17:20  Zealot x2  
  106  17:22  Zealot x3  
  116  17:25  Nexus  
  116  17:36  Assimilator  
  116  17:37  Stalker x2  
  116  17:39  Assimilator  
  120  17:47  High Templar, Stalker  
  120  17:49  High Templar x3  
  130  18:03  Void Ray x3  
  142  18:07  Zealot x2  
  142  18:09  Stargate  
  142  18:10  Stargate  
  146  18:13  Stargate  
  146  18:17  Zealot  
  148  18:27  Zealot  
  148  18:28  Zealot  
  148  18:29  Zealot x2  
  156  18:34  Zealot x2  
  156  18:39  Protoss Air Armor Level 1  
  160  19:09  Void Ray x4  
  176  19:10  Void Ray  
  180  19:23  Protoss Ground Armor Level 2  
  180  19:28  Void Ray  
  92  20:27  Void Ray x3  
  82  20:37  Void Ray x2  
  82  20:50  Adept  
  82  20:51  Adept x5  
  96  21:10  Void Ray x3  
  108  21:12  Adept  
  108  21:18  Zealot x5, Adept  
  117  21:20  Void Ray  
  119  21:41  Stalker  
  119  21:45  Stalker x5, Zealot  
  131  21:54  Void Ray x3  
Show
View Real Time Build Order
Export as new Build Order

A.I. 1 (Very Hard) Zerg - Winner!

Build Orders: Pool First 

Get SALT Encoding   

  12  0:00  Drone  
  13  0:12  Overlord  
  13  0:17  Drone  
  14  0:30  Drone x2  
  16  0:42  Spawning Pool  
  15  0:45  Drone  
  15  0:49  Drone  
  17  1:12  Hatchery  
  17  1:14  Drone  
  17  1:16  Extractor  
  16  1:19  Drone  
  16  1:23  Extractor  
  16  1:25  Drone  
  17  1:30  Drone  
  18  1:38  Drone  
  19  1:48  Overlord  
  19  1:56  Queen  
  21  2:01  Zergling x2  
  22  2:10  Drone  
  23  2:24  Queen  
  23  2:26  Drone  
  26  2:33  Drone  
  27  2:37  Drone  
  27  2:42  Drone  
  29  2:55  Roach Warren  
  29  2:57  Drone  
  29  3:00  Drone  
  29  3:04  Zergling x2  
  31  3:07  Zergling x2  
  32  3:13  Overlord  
  32  3:16  Drone  
  32  3:19  Drone  
  34  3:35  Roach x2  
  34  3:38  Roach x2  
  42  3:42  Lair  
  42  3:47  Overlord  
  42  3:52  Overlord  
  43  3:55  Zergling x2  
  43  3:58  Zergling x2  
  44  4:05  Zergling x2, Drone x2  
  44  4:07  Drone  
  48  4:10  Drone  
  48  4:12  Drone  
  50  4:17  Overlord  
  50  4:21  Roach  
  52  4:25  Roach  
  52  4:28  Roach  
  56  4:31  Roach  
  56  4:35  Overlord  
  58  4:41  Drone  
  58  4:43  Drone  
  58  4:45  Hydralisk Den  
  59  4:46  Drone  
  59  4:48  Roach  
  59  4:52  Roach  
  64  4:55  Overlord  
  64  5:02  Drone  
  64  5:04  Drone  
  64  5:05  Drone  
  67  5:08  Drone  
  67  5:10  Drone  
  67  5:12  Drone  
  67  5:13  Hydralisk, Drone  
  73  5:17  Hydralisk  
  73  5:20  Overlord  
  75  5:24  Hydralisk  
  75  5:27  Hydralisk  
  79  5:30  Drone  
  79  5:31  Drone  
  79  5:33  Drone  
  82  5:38  Drone x3  
  82  5:41  Overlord  
  85  5:48  Ravager  
  85  5:49  Ravager  
  87  5:51  Infestation Pit  
  87  5:52  Drone  
  87  5:53  Hydralisk  
  89  5:59  Hydralisk, Roach  
  89  6:02  Overlord  
  93  6:05  Hydralisk  
  93  6:08  Hydralisk  
  96  6:13  Evolution Chamber  
  96  6:15  Drone  
  96  6:21  Overlord  
  96  6:27  Infestor  
  96  6:28  Drone, Evolution Chamber  
  96  6:29  Extractor  
  96  6:30  Drone  
  98  6:33  Infestor  
  98  6:36  Extractor  
  99  6:40  Zerg Missile Weapons Level 1  
  99  6:42  Drone, Spine Crawler, Hatchery  
  99  6:43  Drone  
  99  6:51  Drone x2  
  99  6:52  Drone  
  102  6:58  Drone, Infestor, Overlord  
  102  6:59  Drone x2  
  107  7:14  Spine Crawler  
  106  7:18  Infestor  
  108  7:27  Overseer  
  108  7:33  Zerg Ground Armor Level 1  
  108  7:35  Roach, Overlord  
  110  7:37  Roach  
  110  7:39  Roach  
  114  7:44  Hydralisk  
  114  7:48  Hydralisk  
  118  7:53  Spore Crawler, Overlord  
  118  7:55  Queen, Drone x3  
  118  7:56  Drone x4, Spore Crawler  
  118  7:57  Drone x2, Spore Crawler  
  118  7:58  Drone  
  127  8:01  Drone  
  127  8:04  Drone  
  128  8:05  Drone  
  128  8:07  Drone  
  128  8:11  Extractor  
  129  8:15  Overlord  
  129  8:16  Drone  
  129  8:19  Lurker Den  
  130  8:21  Drone  
  130  8:22  Drone  
  130  8:24  Drone  
  130  8:25  Drone  
  130  8:26  Drone  
  135  8:28  Drone  
  135  8:29  Drone  
  135  8:30  Drone  
  135  8:31  Drone  
  139  8:36  Drone, Overlord  
  140  8:42  Drone  
  140  8:44  Zerg Missile Weapons Level 2  
  140  8:47  Drone, Hive  
  142  8:54  Overlord  
  142  9:02  Extractor  
  141  9:06  Spine Crawler  
  141  9:07  Pathogen Glands  
  140  9:16  Queen  
  140  9:19  Hatchery  
  140  9:23  Zergling x4  
  140  9:24  Zergling x4, Drone, Overlord  
  144  9:25  Zergling x4, Evolution Chamber  
  144  9:26  Zergling x2, Drone  
  144  9:27  Zergling x2  
  144  9:28  Zergling x2  
  144  9:29  Roach  
  144  9:30  Metabolic Boost  
  146  9:35  Zergling x2, Roach  
  146  9:37  Roach  
  136  9:39  Roach  
  136  9:40  Roach  
  136  9:42  Hydralisk  
  136  9:43  Hydralisk, Roach  
  136  9:45  Hydralisk, Roach  
  121  9:47  Hydralisk  
  121  9:51  Roach  
  116  9:58  Viper, Ravager  
  116  9:59  Overseer, Roach  
  122  10:02  Infestor  
  122  10:03  Neural Parasite  
  122  10:04  Spine Crawler  
  123  10:08  Spine Crawler  
  123  10:10  Hydralisk  
  123  10:13  Ravager  
  127  10:14  Roach  
  127  10:15  Hydralisk  
  127  10:18  Hydralisk  
  127  10:21  Hydralisk  
  131  10:25  Hydralisk  
  131  10:26  Zergling x2  
  133  10:31  Zergling x2  
  133  10:32  Hydralisk, Drone x3  
  133  10:33  Zergling x2, Drone x2  
  133  10:34  Zergling x4  
  138  10:37  Infestor  
  137  10:43  Extractor  
  137  10:46  Drone, Infestor  
  137  10:48  Roach  
  137  10:49  Extractor  
  140  10:50  Drone, Spore Crawler  
  140  10:51  Drone  
  140  10:54  Drone, Spore Crawler  
  140  10:55  Zerg Melee Weapons Level 1  
  140  10:56  Roach  
  143  10:58  Roach  
  143  10:59  Roach  
  143  11:02  Hydralisk, Zergling x6  
  152  11:05  Hydralisk  
  152  11:11  Overlord, Lurker  
  154  11:13  Hydralisk  
  157  11:19  Lurker  
  157  11:21  Hydralisk  
  160  11:30  Viper  
  160  11:31  Overlord  
  163  11:33  Spine Crawler  
  163  11:34  Overseer, Drone  
  163  11:37  Overseer  
  161  11:40  Drone x3  
  161  11:42  Pneumatized Carapace  
  161  11:45  Drone  
  161  11:46  Zergling x2  
  158  11:47  Zergling x2  
  158  11:48  Zergling x2  
  158  11:50  Zergling x2  
  158  11:51  Zergling x2  
  158  11:52  Zergling x2  
  158  11:53  Zergling x2  
  154  11:54  Zergling x2  
  154  11:57  Infestor  
  154  11:58  Roach  
  157  12:05  Hatchery  
  157  12:06  Drone  
  157  12:07  Viper  
  160  12:11  Ravager  
  160  12:12  Spine Crawler  
  160  12:13  Drone  
  161  12:19  Spire  
  161  12:22  Drone  
  161  12:30  Spine Crawler  
  161  12:31  Drone  
  161  12:32  Spine Crawler  
  161  12:33  Drone  
  161  12:34  Spore Crawler  
  161  12:35  Drone  
  161  12:37  Spine Crawler  
  161  12:40  Drone  
  161  12:41  Spine Crawler  
  161  12:42  Drone  
  161  12:43  Drone, Spine Crawler  
  161  12:45  Zerg Missile Weapons Level 3, Spine Crawler  
  161  12:46  Drone  
  161  12:52  Zerg Melee Weapons Level 2  
  161  13:00  Spore Crawler  
  161  13:02  Drone  
  161  13:03  Zerg Ground Armor Level 2  
  161  13:07  Zergling x4  
  163  13:18  Queen  
  165  13:20  Extractor  
  165  13:21  Drone  
  165  13:23  Drone, Spore Crawler  
  165  13:25  Spore Crawler  
  165  13:26  Drone  
  165  13:27  Drone, Spore Crawler  
  164  13:32  Drone x2, Corruptor x3, Hatchery, Extractor  
  164  13:33  Greater Spire, Corruptor, Overlord  
  173  13:35  Spine Crawler  
  173  13:36  Drone  
  173  13:51  Hydralisk  
  173  13:52  Spore Crawler  
  173  13:54  Drone  
  175  13:55  Hydralisk  
  175  13:59  Baneling Nest  
  175  14:01  Drone  
  177  14:03  Corruptor  
  177  14:07  Corruptor  
  181  14:13  Roach x2  
  181  14:14  Roach  
  187  14:18  Hydralisk  
  187  14:19  Drone, Spore Crawler  
  187  14:22  Hydralisk  
  191  14:26  Lurker  
  192  14:32  Roach  
  192  14:33  Roach  
  192  14:35  Zergling x4  
  192  14:36  Zergling x4  
  192  14:37  Zergling x2, Ravager  
  192  14:38  Zergling x4  
  194  14:39  Zergling x6  
  194  14:40  Zergling x2  
  194  14:42  Roach x2  
  194  14:44  Queen, Viper, Roach  
  194  14:45  Roach  
  164  14:46  Hydralisk, Spore Crawler  
  164  14:47  Drone, Roach  
  164  14:49  Hydralisk  
  164  14:52  Infestor  
  156  14:55  Infestor, Spire  
  156  14:56  Baneling  
  156  14:57  Drone  
  156  14:59  Corruptor  
  149  15:03  Corruptor  
  149  15:06  Hydralisk  
  152  15:08  Viper  
  152  15:12  Drone  
  152  15:13  Drone  
  154  15:15  Drone  
  154  15:16  Brood Lord  
  154  15:18  Drone x2  
  157  15:21  Drone  
  157  15:23  Drone  
  157  15:26  Drone  
  152  15:29  Zergling x2  
  152  15:30  Zergling x2  
  152  15:32  Zergling x4  
  152  15:34  Zergling x2  
  146  15:36  Zergling x2  
  146  15:37  Zergling x2  
  146  15:38  Zergling x2  
  146  15:40  Hydralisk  
  146  15:42  Hydralisk  
  136  15:44  Hydralisk  
  136  15:48  Corruptor  
  129  15:52  Spine Crawler  
  129  15:54  Spine Crawler  
  129  15:55  Roach  
  129  15:56  Roach  
  125  15:57  Drone  
  125  15:59  Drone  
  125  16:00  Infestor  
  125  16:03  Infestor  
  130  16:04  Hydralisk  
  130  16:07  Hydralisk  
  130  16:09  Roach  
  138  16:11  Roach  
  138  16:13  Brood Lord  
  138  16:14  Corruptor  
  144  16:18  Brood Lord  
  144  16:21  Corruptor  
  144  16:25  Brood Lord  
  148  16:28  Corruptor  
  148  16:31  Brood Lord  
  152  16:34  Corruptor  
  154  16:42  Spore Crawler  
  154  16:43  Drone  
  154  16:44  Viper, Spore Crawler  
  154  16:46  Drone  
  157  16:50  Zerg Melee Weapons Level 3  
  157  16:52  Brood Lord  
  157  16:53  Corruptor  
  161  16:55  Overseer  
  161  16:59  Spine Crawler  
  161  17:00  Drone  
  161  17:01  Spine Crawler  
  160  17:03  Drone  
  160  17:05  Brood Lord  
  163  17:08  Corruptor  
  163  17:14  Overlord, Brood Lord  
  167  17:18  Corruptor  
  169  17:27  Queen  
  171  17:33  Zerg Ground Armor Level 3  
  171  17:45  Spore Crawler  
  171  17:46  Drone  
  171  17:49  Spore Crawler  
  171  17:51  Drone  
  171  18:02  Hatchery  
  171  18:03  Drone  
  171  18:06  Corruptor  
  171  18:07  Overlord, Brood Lord  
  171  18:08  Hydralisk Den, Drone  
  171  18:09  Extractor  
  171  18:10  Drone  
  175  18:12  Spine Crawler  
  175  18:13  Drone  
  175  18:14  Spore Crawler  
  175  18:15  Drone  
  175  18:17  Spine Crawler  
  175  18:18  Drone, Corruptor  
  175  18:19  Brood Lord  
  179  18:21  Spore Crawler  
  179  18:22  Drone  
  179  18:29  Infestor  
  181  18:36  Zergling x2, Infestor  
  184  18:41  Roach  
  184  18:42  Zergling x2, Glial Reconstitution  
  184  18:43  Roach  
  184  18:48  Roach  
  191  18:49  Hydralisk  
  191  18:50  Zergling x2  
  191  18:51  Hydralisk  
  191  18:53  Hydralisk  
  198  19:03  Ravager  
  199  19:12  Spore Crawler  
  199  19:13  Drone  
  199  19:15  Baneling x2  
  199  19:19  Zergling x2, Extractor  
  199  19:23  Drone, Extractor  
  199  19:25  Drone  
  197  19:37  Baneling  
  197  19:38  Burrow  
  193  19:39  Zergling x2, Spine Crawler, Hatchery  
  193  19:40  Drone  
  193  19:42  Drone, Ultralisk Cavern  
  193  19:43  Drone  
  193  19:44  Zergling x2, Drone, Spore Crawler  
  193  19:45  Zergling x2  
  194  19:46  Spine Crawler  
  194  19:47  Zergling x2  
  194  19:49  Spore Crawler  
  194  19:50  Drone  
  194  19:52  Spine Crawler  
  193  19:53  Drone  
  193  19:59  Zergling x2, Drone  
  194  20:01  Tunneling Claws  
  194  20:07  Zergling x2  
  194  20:09  Drone, Spore Crawler  
  194  20:12  Drone  
  194  20:13  Drone x2  
  193  20:16  Drone  
  193  20:17  Drone, Roach, Spore Crawler, Mutalisk  
  193  20:18  Drone, Mutalisk  
  193  20:19  Mutalisk x2  
  194  20:22  Drone  
  194  20:27  Adrenal Glands, Mutalisk x2  
  194  20:29  Spine Crawler, Ultralisk  
  194  20:31  Drone  
  200  20:42  Ultralisk  
  199  21:00  Zerg Flyer Weapons Level 1  
  198  21:26  Spine Crawler  
  198  21:27  Drone  
  198  21:28  Hydralisk  
  198  21:29  Spine Crawler  
  198  21:30  Drone  
  198  21:32  Spine Crawler  
  197  21:33  Drone  
  197  21:36  Mutalisk  
  197  21:37  Mutalisk  
  197  21:38  Mutalisk  
  197  21:39  Mutalisk  
  198  21:42  Mutalisk x2  
  198  21:43  Mutalisk  
  199  21:47  Mutalisk  
  198  21:58  Spine Crawler  
  198  22:00  Drone  
  198  22:02  Spore Crawler, Hatchery  
  198  22:03  Drone x2  
  198  22:05  Spine Crawler, Ultralisk  
  198  22:07  Drone, Spore Crawler  
  199  22:11  Drone, Spore Crawler  
  199  22:18  Drone, Spore Crawler  
  199  22:24  Roach  
  199  22:25  Roach  
  199  22:29  Roach  
  199  22:32  Drone  
  199  22:33  Spore Crawler  
  199  22:34  Drone  
  199  22:36  Zergling x2, Roach  
  199  22:37  Zergling x2  
  200  22:38  Roach  
Tags
 
Matchup
PvZ
Opening
Pool First
Replay Pack
First 100 games
Spawn Locations
Cross Positions
Add a new tag
Caveats
  • Supply blocks, unpowered buildings, or Contaminate may cause inaccurate times.
  • Supply counts are checked every 10 seconds.